 Dungeon Crawl Stone Soup version 0.29-a0-575-g0dc89cf053 (webtiles) character file.

Game seed: 4635096554337561253

182 marklar909 the Chopper (level 5, -4/43 HPs)
             Began as a Palentonga Fighter on June 13, 2022.
             Slain by a centaur (6 damage)
             ... on level 4 of the Dungeon.
             The game lasted 00:05:54 (3473 turns).

marklar909 the Chopper (Palentonga Fighter)         Turns: 3473, Time: 00:05:55

Health: -4/43      AC:  7    Str: 20    XL:     5   Next: 34%
Magic:  5/5        EV:  7    Int:  8    God:
Gold:   151        SH:  4    Dex: 11    Spells: 4/4 levels left

rFire   . . .      SeeInvis +   a - +1 war axe
rCold   . . .      Faith    .   c - +0 buckler
rNeg    . . .      Spirit   .   b - +1 scale mail
rPois   .          Reflect  .   (no helmet)
rElec   .          Harm     .   (no cloak)
rCorr   .          Rampage  .   (no gloves)
Will    .....                   (no barding)
Stlth   ..........              (no amulet)
HPRegen 0.14/turn               (no ring)
MPRegen 0.09/turn               (no ring)

@: no status effects
A: large, rugged brown scales 3, see invisible, deformed body, roll 1, armoured
tail
a: Rolling Charge


You were on level 4 of the Dungeon.
You visited 1 branch of the dungeon, and saw 4 of its levels.

You collected 151 gold pieces.

Inventory:

Hand Weapons
 a - a +1 war axe (weapon)
Armour
 b - a +1 scale mail (worn)
 c - a +0 buckler (worn)
Jewellery
 n - an amulet of reflection
Wands
 d - a wand of iceblast (8)
Scrolls
 f - 2 scrolls of fog
 g - a scroll of identify
 h - a scroll of silence {unknown}
 m - a scroll of poison
Potions
 j - a potion of mutation {unknown}
 k - 2 potions of haste {unknown}
 l - a potion of flight {unknown}


   Skills:
 + Level 3.3 Fighting
 + Level 3.6 Axes
 + Level 3.1 Armour
 + Level 1.0 Dodging
 + Level 0.4 Stealth
 + Level 3.4 Shields


You had 4 spell levels left.
You didn't know any spells.
Your spell library was empty.

Dungeon Overview and Level Annotations

Branches:
Dungeon (4/15)
 Temple: D:4-7

Altars:

Shops:
D:3 :


Innate Abilities, Weirdness & Mutations

You are completely covered in rugged brown scales. (AC +3, +7% HP)
You have supernaturally acute eyesight. (SInv)
Armour fits poorly on your strangely shaped body.
You can roll at nearby foes to attack.
You have a long armoured tail.


Message History

The centaur is severely wounded.
You hit the iguana but do no damage. You block the centaur's attack.
The centaur kicks you but does no damage.
The iguana barely misses you. The centaur completely misses you.
The centaur kicks you but does no damage.
The iguana barely misses you.
Okay, then.
You hit the centaur.
The centaur is severely wounded.
You hit the iguana.
The centaur hits you but does no damage.
The centaur kicks you but does no damage.
The iguana bites you but does no damage.
The centaur hits you.
* * * LOW HITPOINT WARNING * * *
The centaur kicks you but does no damage.
You barely miss the centaur.
The centaur is severely wounded.
You closely miss the iguana.
The centaur drinks a potion.
The centaur is healed!
The iguana bites you!
* * * LOW HITPOINT WARNING * * *
The centaur closely misses you. The centaur kicks you.
* * * LOW HITPOINT WARNING * * *
Really read the scroll of poison?
Okay, then.
Unknown command.
You feel better.
The iguana bites you but does no damage.
The centaur hits you.
* * * LOW HITPOINT WARNING * * *
The centaur barely misses you.
Unknown command.
You slash the centaur!
The centaur is severely wounded.
You hit the iguana.
The centaur hits you but does no damage.
The centaur kicks you.
* * * LOW HITPOINT WARNING * * *
The iguana barely misses you. The centaur hits you.
You die...

## .# .# ## .# .# .#
.# ######## .#
.#####......#####c##
.'...†......'>$.@.)#
.##.##......###.l..##
.##.#####...........#
###.# #######...#.#
#.# #.#..... #..
#.#...#.# ###
#.##....# ..# .?.##
### ...#


You could see a centaur and an iguana.

Vanquished Creatures
  4 gnolls (D:4)
  7 adders
  A dart slug (D:2)
  A worm (D:2)
  8 bats
  8 endoplasms
  4 giant cockroaches
  11 goblins
  4 hobgoblins
  3 jackals (D:1)
  4 quokkas
  6 ball pythons
  4 frilled lizards
  4 kobolds
  5 rats
74 creatures vanquished.

Vanquished Creatures (others)
  3 fungi (D:1)
3 creatures vanquished.

Grand Total: 77 creatures vanquished

Notes
Turn   | Place    | Note
-------+----------+-------------------------------------------
     0 | D:1      | marklar909 the Palentonga Fighter began the quest for the
                  | Orb.
     0 | D:1      | Reached XP level 1. HP: 19/19 MP: 1/1
   110 | D:1      | Reached XP level 2. HP: 18/25 MP: 2/2
   613 | D:1      | Found a faded altar of an unknown god.
   621 | D:1      | Reached XP level 3. HP: 31/31 MP: 3/3
  1122 | D:2      | Reached XP level 4. HP: 18/37 MP: 4/4
  2442 | D:3      | Found Erouteb's Book Shop.
  2972 | D:4      | Reached XP level 5. HP: 40/43 MP: 5/5
  3391 | D:4      | Reached skill level 1 in Dodging
  3463 | D:4      | Noticed a centaur
  3473 | D:4      | HP: 2/43 [centaur (3)]
  3473 | D:4      | Slain by a centaur

Illustrated notes

Levels and vault maps discovered:
D:1:      dpeg_arrival_castle, layout_loops_ring,
          shapermc_ecumenical_altar_acropolis
D:2:      layout_basic
D:3:      layout_loops_ring, serial_shops, nicolae_shop_trees,
          chequers_serial_rivers_micro_c
D:4:      layout_basic, minmay_misc_feat_iff

Skill      XL: |  1  2  3  4  5 |
---------------+----------------+-----
Shields        | 3 |  3.4
Armour         | 3 |  3.1
Axes           | 3 |  3.6
Dodging        | 1 |  1.0
Fighting       | |  3.3
Stealth        | |  0.4

Action                   |  1- 3 |  4- 6 || total
-------------------------+-------+-------++-------
Melee: War axe           |   102 |    98 ||   200
       Tailslap          |    11 |     5 ||    16
 Abil: Rolling Charge    |     9 |     9 ||    18
  Use: Potion            |     2 |     1 ||     3
       Scroll            |     1 |     6 ||     7
Armor: Scale mail        |    56 |    46 ||   102
Dodge: Dodged            |    44 |    47 ||    91
Block: Buckler           |    17 |    26 ||    43

Table legend: (Time is in decaauts)
 A = Elapsed time spent in this place.
 B = Non-inter-level travel time spent in this place.
 C = Inter-level travel time spent in this place.
 D = Time resting spent in this place.
 E = Time spent auto-exploring this place.
 F = Levels seen in this place.
 G = Mean time per level.
                   A        B        C        D        E       F      G
               +--------+--------+--------+--------+--------+-----+--------+
         Total |   3561 |   3479 |     82 |   1033 |   1937 |   4 |  890.2 |
       Dungeon |   3561 |   3479 |     82 |   1033 |   1937 |   4 |  890.2 |
               +--------+--------+--------+--------+--------+-----+--------+

Top non-repeatable levels by time:
     D:2: 1155 daAuts
     D:1: 1122 daAuts
     D:3: 1120 daAuts
     D:4: 163 daAuts
